 Dungeon Sprint DCSS version 0.31-a0-818-ge7c7cf74f0 (webtiles) character file.

Game seed: 17599696913057399548

6701 Conn the Arsonist (level 11, -5/70 HPs)
             Began as an Octopode Fire Elementalist on Sept 23, 2023.
             Was the Champion of Sif Muna.
             Killed from afar by a manticore (23 damage)
             ... with a volley of spikes
             ... in the Dungeon (Sprint VII: "The Pits").
             The game lasted 00:13:26 (1541 turns).

Conn the Arsonist (Octopode Fire Elementalist)      Turns: 1541, Time: 00:13:33

Health: -5/70      AC:  4    Str:  7    XL:     11   Next: 3%
Magic:  5/37       EV: 18    Int: 31    God:    Sif Muna [******]
Gold:   0          SH:  0    Dex: 12    Spells: 1/34 levels left

rFire   . . .        l - +2 flail (protect)
rCold   . . .        (no shield)
rNeg    . . .        m - +3 hat of Pondering {ponderous, Will+ MP+10 Int+5}
rPois   .            (no amulet)
rElec   .            n - +3 ring of intelligence
rCorr   .            o - +3 ring of evasion
SInv    .            (no ring)
Will    +....        (no ring)
Stlth   ++++         (no ring)
HPRegen 0.31/turn    (no ring)
MPRegen 0.25/turn    (no ring)
                     (no ring)

%: no teleportation
@: spiked, very slightly contaminated, slow
A: almost no armour, amphibious, 8 rings, camouflage 1, gelatinous body 1,
(nimble swimmer 1), tentacles
a: Renounce Religion, Channel Magic, Forget Spell, Divine Exegesis


You were in the Dungeon.
You worshipped Sif Muna.
Sif Muna was exalted by your worship.
You visited 1 branch

Inventory:

Hand Weapons
 g - a +2 dagger
 l - a +2 flail of protection (weapon)
Armour
 m - the +3 hat of Pondering (worn) {ponderous, Will+ MP+10 Int+5}
   (You took it off Gastronok in the Dungeon)

   Int+5:     It affects your intelligence (+5).
   Will+:     It increases your willpower.
   MP+10:     It affects your magic capacity (+10).
Jewellery
 n - a +3 ring of intelligence (left tentacle)
 o - a +3 ring of evasion (right tentacle)
Scrolls
 i - 2 scrolls of vulnerability
 j - 5 scrolls of amnesia
 k - a scroll of summoning
Potions
 a - 5 potions of magic
 b - 8 potions of curing
 c - 7 potions of heal wounds
 d - 2 potions of haste
 e - 3 potions of berserk rage
 h - 2 potions of invisibility
 p - 2 potions of brilliance


   Skills:
 + Level 4.5 Fighting
 + Level 3.6 Short Blades
 + Level 5.3 Maces & Flails
 + Level 6.0 Dodging
 - Level 6.6 Stealth
 + Level 12.2 Spellcasting
 + Level 5.5 Conjurations
 + Level 5.4 Hexes
 + Level 5.2 Summonings
 + Level 14.3 Fire Magic
 + Level 5.1 Ice Magic
 + Level 5.2 Air Magic
 * Level 8.5 Invocations


You had one spell level left.
You knew the following spells:

 Your Spells              Type           Power      Damage    Failure   Level
a - Foxfire               Conj/Fire      100%       2x1d9     1%          1
b - Scorch                Fire           100%       2d9       0%          2
c - Inner Flame           Hex/Fire       69%        N/A       1%          3
d - Flame Wave            Conj/Fire      69%        2d16      1%          4
e - Call Canine Familiar  Summ           50%        N/A       1%          3
f - Summon Ice Beast      Ice/Summ       50%        N/A       3%          4
g - Plasma Beam           Fire/Air       34%        2x1d47    7%          6
h - Fireball              Conj/Fire      34%        3d14      1%          5
i - Iskenderun's Battles  Conj           52%        2d10      8%          5

Your spell library contained the following spells:

 Spells                   Type           Power      Damage    Failure   Level
 Shock                    Conj/Air       100%       1d9       1%          1
 Cigotuvi's Dreadful Rot  Necr/Pois/Air  58%        N/A       1%          2
 Swiftness                Air            51%        N/A       1%          3
 Volatile Blastmotes      Fire/Tloc      100%       2d18      1%          3
 Stone Arrow              Conj/Erth      72%        3d11      2%          3
 Summon Lightning Spire   Summ/Air       51%        N/A       3%          4
 Sublimation of Blood     Necr           19%        N/A       4%          2
 Wereblood                Tmut           19%        N/A       4%          2
 Brom's Barrelling Bould  Conj/Erth      36%        2d6       9%          4
 Vhi's Electric Charge    Tloc/Air       70%        N/A       9%          4
 Conjure Ball Lightning   Conj/Air       25%        3x3d7     41%         6
 Orb of Destruction       Conj           26%        9d9       93%         7
 Summon Hydra             Summ           25%        N/A       95%         7
 Lehudib's Crystal Spear  Conj/Erth      18%        10d5      100%        8
 Maxwell's Capacitive Co  Air            25%        ∞         100%        8
 Chain Lightning          Conj/Air       25%        3d34      100%        9
 Animate Armour           Summ/Erth      Unusable   N/A       N/A         4

Dungeon Overview and Level Annotations

Branches:
Dungeon (1/1)

Altars:
Ashenzari
Cheibriados
Dithmenos
Elyvilon
Fedhas
Gozag
Hepliaklqana
Kikubaaqudgha
Makhleb
Nemelex Xobeh
Okawaru
Qazlal
Ru
Sif Muna
Trog
Uskayaw
Vehumet
Wu Jian
Xom
Yredelemnul
Zin
The Shining One
Jiyva
Lugonu


Innate Abilities, Weirdness & Mutations

You cannot wear most types of armour.
You are amphibious.
You can wear up to eight rings at the same time.
Your skin changes colour to match your surroundings (Stealth+).
Your rubbery body absorbs attacks. (AC +1, EV +1)
((You are camouflaged when in or above water. (Stealth+)))
You have tentacles for arms and can constrict up to eight enemies at once.


Message History

Your battlesphere fires!
The barrage of energy hits the shadow imp.
The shadow imp is severely wounded.
Unknown command.
Casting: Fireball (dangerous; 1% risk of failure)
Confirm with . or Enter, or press ? or * to list all spells.
Aiming: Fireball (dangerous; 1% risk of failure)
Press: ? - help, Shift-Dir - straight line, f/p - kobold demonologist
Aim: a kobold demonologist, wielding a +0 dagger and wearing a +0 robe (almost dead)
Okay, then.
Unknown command.
Casting: Fireball (dangerous; 1% risk of failure)
Confirm with . or Enter, or press ? or * to list all spells.
Flames lash the kobold demonologist.
You kill the kobold demonologist!
Sif Muna accepts your kill.
The shadow imp disappears in a puff of smoke!
You have reached level 11!
Casting: Scorch (safe; 0% risk of failure)
Confirm with . or Enter, or press ? or * to list all spells.
Casting: Plasma Beam (dangerous; 7% risk of failure)
Press: ? - help, Dir - look around, f - activate You miscast Plasma Beam.
You are very lightly contaminated with residual magic.
Nothing appears to happen.
You feel less invigorated.
Casting: Plasma Beam (dangerous; 7% risk of failure)
Confirm with . or Enter, or press ? or * to list all spells.
Casting: Plasma Beam (dangerous; 7% risk of failure)
Press: ? - help, Dir - look around, f - activate The bolt of lightning misses the manticore.
The fiery plasma hits the manticore!!
The manticore is heavily wounded.
You hear a bellow! x2; You hear a shout!
You hear a bellow!
Your battlesphere fires!
The barrage of energy hits the manticore!
The manticore is severely wounded.
The manticore flicks its tail.
The volley of spikes hits you!!
The barbed spikes become lodged in your body.
You die...

).'................+
###......#..#......#
.##................#
'#####'#####''######
.##.......##''# ########
.##.......##..# ##.Y)5).#
###.......##..###.H#'#.......
.##...<...##..##*)##H##.....#
.##.......##÷.##@##.).##K..##
.##.......##.÷####.....##.##
###.......##...##......# ..#
. ##########...))H)....' .+
############...##).....#Y #
#....#..[[##..####.....##.
#....#..[[##..# ##...##
÷....'..))##..# ##.##
#....#..))##..# #+#


You could see a manticore (ally target), a yak and a friendly battlesphere.

Vanquished Creatures
  Gastronok (D)
  A demonic crawler (D)
  A lindwurm (D)
  An orc knight (D)
  An elephant (D)
  A gargoyle (D)
  An orange demon (D)
  Joseph (D)
  2 kobold demonologists (D)
  5 dream sheep (D)
  A flying skull (D)
  A ynoxinul (D)
  A basilisk (D)
  An ice beast (D)
  A floating eye (D)
  2 orc warriors (D)
  2 wolves (D)
  A phantom (D)
  A kobold brigand (D)
  A necrophage (D)
  A scorpion (D)
  A crimson imp (D)
  A jelly (D)
  An orc priest (D)
  2 iguanas (D)
  2 gnolls (D)
  An adder (D)
  An ufetubus (D)
  7 orcs (D)
  3 bats (D)
  4 jackals (D)
  3 kobolds (D)
  A quokka (D)
  A frilled lizard (D)
  A goblin (D)
  A quokka skeleton (D)
58 creatures vanquished.

Vanquished Creatures (collateral kills)
  A fire bat (D)
1 creature vanquished.

Vanquished Creatures (others)
  59 foxfires (D)
59 creatures vanquished.

Grand Total: 118 creatures vanquished

Notes
Turn   | Place    | Note
-------+----------+-------------------------------------------
     0 | D        | Conn the Octopode Fire Elementalist began the quest for the
                  | Orb.
     0 | D        | Reached XP level 1. HP: 11/11 MP: 3/3
    95 | D        | Found a glowing golden altar of the Shining One.
    95 | D        | Found a glowing silver altar of Zin.
    95 | D        | Found a basalt altar of Yredelemnul.
    95 | D        | Found a shimmering altar of Xom.
    95 | D        | Found an ornate altar of the Wu Jian Council.
    95 | D        | Found a bloodstained altar of Trog.
    95 | D        | Found a shimmering blue altar of Sif Muna.
    95 | D        | Found a sacrificial altar of Ru.
    95 | D        | Found a stormy altar of Qazlal.
    95 | D        | Found an iron altar of Okawaru.
    95 | D        | Found a sparkling altar of Nemelex Xobeh.
    95 | D        | Found a burning altar of Makhleb.
    95 | D        | Found a viscous altar of Jiyva.
    95 | D        | Found a hazy altar of Hepliaklqana.
    95 | D        | Found an opulent altar of Gozag.
    95 | D        | Found a blossoming altar of Fedhas.
    95 | D        | Found a white marble altar of Elyvilon.
    95 | D        | Found a shadowy altar of Dithmenos.
    95 | D        | Found a snail-covered altar of Cheibriados.
    96 | D        | Found a radiant altar of Vehumet.
    96 | D        | Found a corrupted altar of Lugonu.
    97 | D        | Found an ancient bone altar of Kikubaaqudgha.
    97 | D        | Found a hide-covered altar of Uskayaw.
    97 | D        | Found a broken altar of Ashenzari.
    98 | D        | Became a worshipper of Sif Muna the Loreminder
   159 | D        | Reached * piety under Sif Muna
   160 | D        | Reached skill level 4 in Fire Magic
   160 | D        | Reached XP level 2. HP: 6/17 MP: 6/6
   209 | D        | Learned a level 2 spell: Scorch
   210 | D        | Noticed a crimson imp
   224 | D        | Reached ** piety under Sif Muna
   252 | D        | Killed a crimson imp
   253 | D        | Reached skill level 1 in Short Blades
   253 | D        | Reached skill level 5 in Fire Magic
   253 | D        | Reached XP level 3. HP: 13/22 MP: 6/8
   258 | D        | Learned a level 3 spell: Inner Flame
   288 | D        | Noticed a floating eye
   290 | D        | Killed a floating eye
   290 | D        | Reached *** piety under Sif Muna
   291 | D        | Reached skill level 5 in Stealth
   291 | D        | Reached skill level 7 in Fire Magic
   291 | D        | Reached XP level 4. HP: 27/27 MP: 4/10
   291 | D        | Reached XP level 5. HP: 32/32 MP: 4/12
   293 | D        | Reached skill level 5 in Spellcasting
   436 | D        | Learned a level 4 spell: Flame Wave
   439 | D        | Reached skill level 1 in Fighting
   441 | D        | Noticed a wolf
   442 | D        | Noticed a phantom
   443 | D        | Killed a wolf
   443 | D        | Reached **** piety under Sif Muna
   444 | D        | Reached skill level 8 in Fire Magic
   444 | D        | Reached XP level 6. HP: 38/38 MP: 2/15
   469 | D        | Reached skill level 9 in Fire Magic
   580 | D        | Noticed a lindwurm
   587 | D        | Killed a lindwurm
   587 | D        | Reached ***** piety under Sif Muna
   588 | D        | Reached skill level 5 in Dodging
   588 | D        | Reached skill level 1 in Hexes
   588 | D        | Reached skill level 10 in Fire Magic
   588 | D        | Reached XP level 7. HP: 45/46 MP: 1/18
   696 | D        | Noticed a fire bat
   701 | D        | Identified Sif Muna's Monograph on Floating Calling (Sif
                  | Muna gifted it to you in the Dungeon)
   701 | D        | Received a gift from Sif Muna
   702 | D        | Reached XP level 8. HP: 32/54 MP: 6/20
   705 | D        | Reached skill level 11 in Fire Magic
   803 | D        | Learned a level 3 spell: Call Canine Familiar
   808 | D        | Learned a level 4 spell: Summon Ice Beast
   815 | D        | Learned a level 6 spell: Plasma Beam
   821 | D        | Noticed Gastronok
   869 | D        | Killed Gastronok
   870 | D        | Reached XP level 9. HP: 17/58 MP: 9/22
  1074 | D        | Reached skill level 12 in Fire Magic
  1078 | D        | Received a gift from Sif Muna
  1079 | D        | Reached skill level 10 in Spellcasting
  1081 | D        | Noticed an orange demon
  1085 | D        | Reached skill level 5 in Invocations
  1086 | D        | Killed an orange demon
  1087 | D        | Reached skill level 5 in Summonings
  1087 | D        | Reached skill level 5 in Ice Magic
  1087 | D        | Reached skill level 5 in Air Magic
  1087 | D        | Reached XP level 10. HP: 65/65 MP: 15/24
  1183 | D        | Noticed a demonic crawler
  1183 | D        | Noticed an orc knight
  1183 | D        | Noticed Joseph
  1194 | D        | Killed a demonic crawler
  1194 | D        | Received a gift from Sif Muna
  1195 | D        | Reached skill level 5 in Maces & Flails
  1195 | D        | Reached skill level 5 in Conjurations
  1195 | D        | Reached skill level 13 in Fire Magic
  1199 | D        | Killed an orc knight
  1199 | D        | Killed Joseph
  1224 | D        | Learned a level 5 spell: Fireball
  1343 | D        | Noticed a gargoyle
  1343 | D        | Noticed an elephant
  1356 | D        | Received a gift from Sif Muna
  1357 | D        | Reached skill level 5 in Hexes
  1367 | D        | Killed a gargoyle
  1469 | D        | Killed an elephant
  1489 | D        | Noticed a kobold demonologist
  1493 | D        | Noticed a sun demon
  1493 | D        | Killed a kobold demonologist
  1494 | D        | Reached skill level 14 in Fire Magic
  1507 | D        | Reached ****** piety under Sif Muna
  1507 | D        | Identified Sif Muna's Incunabulum of the Sixfirhy (Sif Muna
                  | gifted it to you in the Dungeon)
  1507 | D        | Received a gift from Sif Muna
  1515 | D        | Learned a level 5 spell: Iskenderun's Battlesphere
  1528 | D        | Noticed a manticore
  1530 | D        | Noticed a kobold demonologist
  1539 | D        | Killed a kobold demonologist
  1540 | D        | Reached XP level 11. HP: 17/70 MP: 11/27
  1541 | D        | Killed from afar by a manticore

Illustrated notes

Levels and vault maps discovered:
D:        pitsprint [storerooms_1, entrance_room_1, metal_vault_3, armoury_1,
          mini_pit_1, grid_room_1, main_hall_1, silver_pit, the_coven_1,
          the_vestibule_1, steel_vault_5, golden_pit, hallway_of_sentries,
          crystal_vault_6, iron_vault_4, final_vault]

Skill      XL: |  1  2  3  4  5  6  7  8  9 10 |
---------------+-------------------------------+-----
Stealth        | 3 4 5 6 |  6.6
Spellcasting   | 3 4 6 8 9 10 12 | 12.2
Fire Magic     | 4 5 7 8 10 11 12 14 | 14.3
Short Blades   | 1 2 3 |  3.6
Dodging        | 3 4 5 6 |  6.0
Conjurations   | 2 3 4 5 |  5.5
Fighting       | 1 3 4 |  4.5
Maces & Flails | 3 4 5 |  5.3
Hexes          | 1 2 3 5 |  5.4
Summonings     | 3 5 |  5.2
Ice Magic      | 3 5 |  5.1
Air Magic      | 3 5 |  5.2
Invocations    | 3 5 8 |  8.5

Action                     |  1- 3 |  4- 6 |  7- 9 | 10-12 || total
---------------------------+-------+-------+-------+-------++-------
  Melee: Dagger            |    21 |       |       |       ||    21
         Constrict         |     6 |     1 |       |       ||     7
         Punch             |     2 |       |       |       ||     2
         Tentacles         |     6 |     3 |     3 |       ||    12
         Flail             |       |    17 |     6 |       ||    23
   Cast: Foxfire           |     5 |     7 |    12 |    15 ||    39
         Scorch            |     2 |     5 |     9 |    22 ||    38
         Inner Flame       |       |     2 |    10 |     9 ||    21
         Flame Wave        |       |     2 |     2 |       ||     4
         Fireball          |       |       |       |     2 ||     2
         Iskenderun's Batt |       |       |       |     2 ||     2
         Plasma Beam       |       |       |       |     2 ||     2
         Summon Ice Beast  |       |       |       |     1 ||     1
         Call Canine Famil |       |       |       |     1 ||     1
 Invoke: Channel Magic     |       |       |     1 |     1 ||     2
    Use: Potion            |       |     2 |     1 |     1 ||     4
         Scroll            |       |       |       |     1 ||     1
 Armour: Skin              |    12 |    17 |     5 |    12 ||    46
  Dodge: Dodged            |    15 |    16 |     9 |    11 ||    51

Table legend: (Time is in decaauts)
 A = Elapsed time spent in this place.
 B = Non-inter-level travel time spent in this place.
 C = Inter-level travel time spent in this place.
 D = Time resting spent in this place.
 E = Time spent auto-exploring this place.
 F = Levels seen in this place.
 G = Mean time per level.
                   A        B        C        D        E       F      G
               +--------+--------+--------+--------+--------+-----+--------+
         Total |   1615 |   1615 |      0 |    841 |      0 |   1 | 1615.0 |
       Dungeon |   1615 |   1615 |      0 |    841 |      0 |   1 | 1615.0 |
               +--------+--------+--------+--------+--------+-----+--------+

Top non-repeatable levels by time:
       D: 1615 daAuts
